 Dungeon Crawl Stone Soup version 0.16-a0-1982-g8124c91 (webtiles) character file.

9 RobertPalmer the Insei (level 2, 18/21 HPs)
             Began as a Demonspawn Transmuter on Nov 8, 2014.
             Quit the game on level 1 of the Dungeon.
             The game lasted 00:00:24 (575 turns).

RobertPalmer the Insei (Demonspawn Transmuter)       Turns: 575, Time: 00:00:24

Health: 18/21      AC:  2    Str: 10    XL:     2   Next: 6%
Magic:  4/4        EV: 12    Int: 14    God:
Gold:   17         SH:  0    Dex: 15    Spells: 1 memorised, 4 levels left

rFire  . . .     SeeInvis .       - Unarmed
rCold  . . .     Clarity  .     c - +0 robe
rNeg   . . .     SustAb   .     (no shield)
rPois  .         Gourm    .     (no helmet)
rElec  .         Spirit   .     (no cloak)
rCorr  .         Warding  .     (no gloves)
rMut   .         Stasis   .     (no boots)
MR     .....                    (no amulet)
Stlth  ++........               (no ring)
                                (no ring)

@: not resistant to hostile enchantments, unstealthy
A: thin skeletal structure 1
a: no special abilities


You were on level 1 of the Dungeon.
You were not hungry.

You visited 1 branch of the dungeon, and saw 1 of its levels.

You collected 17 gold pieces.


Innate Abilities, Weirdness & Mutations

You have a somewhat thin skeletal structure (Dex +2, Stealth).


   Skills:
 - Level 1.0 Fighting
 - Level 1.7 Dodging
 + Level 3.2 Unarmed Combat
 - Level 2.0 Spellcasting
 - Level 1.7 Transmutations


You had 4 spell levels left.
You knew the following spells:

 Your Spells              Type           Power        Failure   Level  Hunger
z - Beastly Appendage     Trmt           #.....       14%         1    ##.....

Inventory:

Missiles
 b - 29 arrows
Armour
 c - a +0 robe (worn)
 h - a +0 pair of boots
Scrolls
 j - a scroll of identify {unknown}
 l - a scroll of teleportation {unknown}
Potions
 e - a potion of invisibility {unknown}
 f - a potion of heal wounds {unknown}
 g - a potion of might {unknown}
 k - a potion of cancellation {unknown}
Books
 d - a book of Changes
Comestibles
 a - 2 bread rations
 i - 5 fruits

Dungeon Overview and Level Annotations

Branches:
Dungeon (1/15)

Altars:

#####...####..# #..# #.#.#
.....###..##.## #..#
#.#.### .##.##
##.#...####..# #.#.##.
.##.# #...#.......#
#.#.... .##.##
##.#...#####.# #....##
####.###...#.######.#
.......## #
##...............#
....##.# #
####...#.#########...##
#.# ♣♣♣ #####....@.......#
#.# ..♣♣♣# #######....#.#
#.# PPP♣P♣##
#######...##.#.# #.#
P......# #......... #.# .
P...P♣.###.#...#### #.#
♣..♣♣♣.......### #.#
.PP♣♣......### ########.##
♣♣♣♣.......#####.........#
.................######..#


There were no monsters in sight!


Message History

The giant gecko misses you.
A giant gecko is nearby!
You hit the giant gecko.
You kill the giant gecko!
A hobgoblin comes into view.
The hobgoblin shouts!
There are monsters nearby!
There are monsters nearby!
You hit the hobgoblin.
The hobgoblin is lightly wounded.
The hobgoblin misses you.
There are monsters nearby!
You barely miss the hobgoblin.
The hobgoblin is lightly wounded.
The hobgoblin barely misses you.
There are monsters nearby!
You hit the hobgoblin.
The hobgoblin is heavily wounded.
The hobgoblin hits you.
There are monsters nearby!
You hit the hobgoblin.
You kill the hobgoblin!
You have reached level 2!
Your demonic ancestry asserts itself...
Your bones become slightly less dense.
You hit the rat.
You kill the rat!
No target in view!
No target in view!
Are you sure you want to abandon this character and quit the game? (Confirm with "yes".)

Action                   || total
-------------------------++-------
Melee: Unarmed           ||    31
 Stab: Sleeping          ||     1

Vault maps used:
D:1:      ldierk_water_garden, serial_forest, infiniplex_forest_end_2,
          infiniplex_forest_end_2, infiniplex_forest_join,
          infiniplex_forest_lined_2, infiniplex_forest_lined_3,
          infiniplex_forest_lined_corner

Notes
Turn   | Place    | Note
--------------------------------------------------------------
     0 | D:1      | RobertPalmer, the Demonspawn Transmuter, began the quest for the Orb.
     0 | D:1      | Reached XP level 1. HP: 15/15 MP: 3/3
   244 | D:1      | Reached skill level 3 in Unarmed Combat
   573 | D:1      | Gained mutation: You have a somewhat thin skeletal structure (Dex +2, Stealth). [demonic ancestry]
   573 | D:1      | Reached XP level 2. HP: 18/21 MP: 4/4
   575 | D:1      | Quit the game

Vanquished Creatures
  A giant gecko (D:1)
  A giant cockroach (D:1)
  A hobgoblin (D:1)
  2 kobolds (D:1)
  A giant newt (D:1)
  A goblin (D:1)
  2 rats (D:1)
  2 toadstools (D:1)
11 creatures vanquished.

Vanquished Creatures (others)
  2 toadstools (D:1)
2 creatures vanquished.

Grand Total: 13 creatures vanquished
